 Dungeon Crawl Stone Soup version 0.26.1-11-gd32895ea62 (webtiles) character file.

Game seed: 10537310685794743123

223 Zeld the Twirler (level 6, 0/39 HPs)
             Began as an Octopode Gladiator on May 23, 2021.
             Slain by a bullfrog (7 damage)
             ... on level 2 of the Dungeon.
             The game lasted 00:03:29 (3826 turns).

Zeld the Twirler (Octopode Gladiator)               Turns: 3826, Time: 00:03:30

Health: 0/39       AC:  1    Str: 15    XL:     6   Next: 0%
Magic:  6/6        EV: 14    Int: 10    God:
Gold:   130        SH:  0    Dex: 14    Spells: 5/5 levels left

rFire    . . .     SeeInvis .   a - +0 quarterstaff
rCold    . . .     Faith    .   (shield currently unavailable)
rNeg     . . .     Spirit   .   b - +0 hat
rPois    .         Reflect  .   (no amulet)
rElec    .         Harm     .   (no ring)
rCorr    .         Rampage  .   (no ring)
Will     .....                  (no ring)
Stlth    ++........             (no ring)
HPRegen  0.13/turn              (no ring)
MPRegen  0.10/turn              (no ring)
                                (no ring)
                                (no ring)

@: no status effects
A: almost no armour, stealthy swim, amphibious, 8 rings, constrict 8, camouflage
1, gelatinous body 1
a: no special abilities


You were on level 2 of the Dungeon.
You visited 1 branch of the dungeon, and saw 4 of its levels.

You collected 130 gold pieces.

Inventory:

Hand Weapons
 a - a +0 quarterstaff (weapon)
Missiles
 c - 2 throwing nets (quivered)
 s - 2 boomerangs
Armour
 b - a +0 hat (worn)
Jewellery
 p - a +6 ring of intelligence {unknown}
Wands
 f - a wand of random effects (17)
Scrolls
 i - 4 scrolls of identify {unknown}
 j - a scroll of fear {unknown}
 k - a scroll of magic mapping {unknown}
 m - 2 scrolls of enchant armour {unknown}
 n - a scroll of immolation {unknown}
 q - 2 scrolls of amnesia {unknown}
 t - a scroll of noise {unknown}
 u - a scroll of enchant weapon {unknown}
 w - a scroll of remove curse {unknown}
Potions
 d - a potion of curing {unknown}
 e - 2 potions of lignification {unknown}
 g - 2 potions of heal wounds {unknown}
 h - a potion of resistance {unknown}
 l - a potion of degeneration {unknown}
 o - a potion of berserk rage {unknown}
 r - a potion of flight {unknown}
 v - 2 potions of brilliance {unknown}


   Skills:
 - Level 2.0 Fighting
 * Level 6.5 Staves
 - Level 2.0 Throwing
 - Level 3.0 Dodging


You had 5 spell levels left.
You didn't know any spells.
Your spell library was empty.

Dungeon Overview and Level Annotations

Branches:
Dungeon (4/15)
 Temple: D:4-7

Altars:
Ashenzari
Trog


Innate Abilities, Weirdness & Mutations

You cannot wear most types of armour.
You are very stealthy in the water. (Stealth+)
You are amphibious.
You can wear up to eight rings at the same time.
You can use your tentacles to constrict eight enemies at once.
Your skin changes colour to match your surroundings (Stealth+).
Your rubbery body absorbs attacks. (AC +1, EV +1)


Message History

You barely miss the bat. Your grab misses the bat. Your squeeze misses the bat.
The bat hits you but does no damage. The bullfrog barely misses you.
The bat misses you. The bullfrog hits you! The bat hits you but does no damage.
The bullfrog hits you.
There is a stone staircase leading up here.
You see here a stone.
The bullfrog hits you. The bat closely misses you. The bullfrog hits you.
You climb upwards.
Reactivating autopickup.
There is a stone staircase leading down here.
You are too injured to fight recklessly!
You are too injured to fight recklessly!
You closely miss the bullfrog. You grab the bullfrog.
You constrict the bullfrog. The bullfrog hits you!
* * * LOW HITPOINT WARNING * * *
You hit the bullfrog.
The bullfrog is moderately wounded.
You constrict the bullfrog. The bullfrog hits you!
You die...

##.#.######.#....###.....#
#.#.# #.#.###.#.###รท## #.#.#
#.#.# ##.####.## #.#.#
#.#.####.#.....### #.#h###
#.................
#####.....####.#.####.#...<.###
###..w....#..................##
........########.###.#########
....###.# #@# #.# ..### #.# #F#
#.# ...####.########.# #.#
.................###)#
...####......(.......# ..##
################ .## ##


You could see a bullfrog.

Vanquished Creatures
  An orc priest (D:4)
  An orc wizard (D:3)
  Ijyb (D:3)
  4 adders
  6 worms (D:2)
  3 dart slugs (D:1)
  3 leopard geckos
  3 orcs
  A ball python (D:2)
  3 giant cockroaches
  5 goblins
  9 hobgoblins
  7 jackals
  A quokka (D:2)
  8 bats
  3 frilled lizards
  9 kobolds
  4 rats
72 creatures vanquished.

Notes
Turn   | Place    | Note
-------+----------+-------------------------------------------
     0 | D:1      | Zeld the Octopode Gladiator began the quest for the Orb.
     0 | D:1      | Reached XP level 1. HP: 14/14 MP: 1/1
   304 | D:2      | Reached XP level 2. HP: 16/19 MP: 2/2
   357 | D:2      | Found a bloodstained altar of Trog.
   459 | D:2      | Reached skill level 4 in Staves
   540 | D:2      | Reached XP level 3. HP: 16/24 MP: 3/3
   617 | D:3      | Found a broken altar of Ashenzari.
  1050 | D:3      | Noticed Ijyb
  1060 | D:3      | Killed Ijyb
  1061 | D:3      | Reached skill level 5 in Staves
  1061 | D:3      | Reached XP level 4. HP: 19/29 MP: 4/4
  1807 | D:1      | Reached XP level 5. HP: 34/34 MP: 5/5
  3057 | D:2      | Reached skill level 6 in Staves
  3730 | D:3      | Reached XP level 6. HP: 39/39 MP: 6/6
  3826 | D:2      | Slain by a bullfrog

Illustrated notes

Levels and vault maps discovered:
D:1:      dpeg_arrival_rhombus, layout_loops_corners, minmay_close_crescents
D:2:      layout_loops_ring, bloody_trog
D:3:      layout_rooms, lemuel_crystal_altar, nicolae_ashenzari_panopticon,
          uniq_ijyb
D:4:      lemuel_castle_with_subvaults [lemuel_castle_interior_original],
          layout_basic, lemuel_crystal_altar, fedhas_ov_isle_minmay,
          minmay_misc_feat_tower, minivault_5, saegor_snake_ambush

Skill      XL: |  1  2  3  4  5 |
---------------+----------------+-----
Staves         | 4 5 6 |  6.5
Fighting       | |  2.0
Throwing       | |  2.0
Dodging        | |  3.0

Action                   |  1- 3 |  4- 6 || total
-------------------------+-------+-------++-------
Melee: Quarterstaff      |    55 |    97 ||   152
       Tentacles         |    17 |    16 ||    33
       Constrict         |    13 |    25 ||    38
Throw: Throwing net      |       |     1 ||     1
 Stab: Sleeping          |     2 |     7 ||     9
       Distracted        |       |     1 ||     1
Armor: Skin              |     7 |    14 ||    21
Dodge: Dodged            |    46 |    79 ||   125
